 Dungeon Crawl Stone Soup version 0.29-a0-356-g7bc237e783 (webtiles) character file.

Game seed: 5428189246068839025

9958 Ijustatesigmund the Thaumaturge (level 11, -6/57 HPs)
             Began as a Deep Elf Conjurer on Apr 26, 2022.
             Was a Believer of Cheibriados.
             Hit by a silver javelin thrown by a minotaur (22 damage)
             ... in a Gauntlet.
             The game lasted 00:54:55 (13658 turns).

Ijustatesigmund the Thaumaturge (DECj)             Turns: 13658, Time: 00:54:56

Health: -6/57      AC:  6    Str:  9    XL:     11   Next: 29%
Magic:  27/36      EV: 14    Int: 33    God:    Cheibriados [**....]
Gold:   417        SH: 11    Dex: 18    Spells: 20/36 levels left

rFire   + + .      SeeInvis .   C - +3 scimitar (flame)
rCold   . . .      Faith    .   p - +1 buckler
rNeg    + . .      Spirit   .   a - +2 robe {rN+}
rPois   +          Reflect  +   r - +0 helmet
rElec   .          Harm     .   F - scarf {rC+ rF+}
rCorr   .          Rampage  .   J - +0 pair of gloves
Will    +....      NoTele   +   (no boots)
Stlth   +++.......              g - amulet of reflection
HPRegen 0.19/turn               d - ring of magical power
MPRegen 0.25/turn               c - ring of fire

@: invisible, very slow
A: low MP 1, poison resistance, no potion heal 1
a: Renounce Religion, Bend Time


You were in a Gauntlet.
You worshipped Cheibriados.
Cheibriados was pleased with you.
You visited 2 branches of the dungeon, and saw 12 of its levels.
You also visited: Sewer and Gauntlet.

You collected 593 gold pieces.
You spent 176 gold pieces at shops.

Inventory:

Hand Weapons
 e - a +2 scimitar of electrocution
 f - a +1 rapier of draining
 C - a +3 scimitar of flaming (weapon)
Missiles
 j - 18 poisoned darts
Armour
 a - a +2 robe of positive energy (worn)
 p - a +1 buckler (worn)
 r - a +0 helmet (worn)
 B - the +2 pair of boots of Slovenliness {-Tele Fly rF- Int+9}
   (You found it on level 8 of the Dungeon)

   Int:       It affects your intelligence (+9).
   rF:        It makes you vulnerable to fire.
   Fly:       It grants you flight.
   -Tele:     It prevents most forms of teleportation.
 D - the +0 cloak "Igod" {rPois rC- Regen+ Dex+3}
   (You found it on level 9 of the Dungeon)

   Dex:       It affects your dexterity (+3).
   rC:        It makes you vulnerable to cold.
   rPois:     It protects you from poison.
   Regen:     It increases your rate of health regeneration.
 F - a scarf of resistance (worn)
 J - a +0 pair of gloves (worn)
Magical Staves
 G - a staff of cold
Jewellery
 c - a ring of fire (right hand)
 d - a ring of magical power (left hand)
 g - an amulet of reflection (around neck)
 o - the ring of Urchig {rPois rF- EV+4 Dex+3}
   (You found it in a Gauntlet)

   [ring of evasion]

   EV:        It affects your evasion (+4).
   Dex:       It affects your dexterity (+3).
   rF:        It makes you vulnerable to fire.
   rPois:     It protects you from poison.
 q - the amulet of Bengeol {RegenMP rElec rCorr Slay-2 Stlth+}
   (You found it in a Gauntlet)

   [amulet of magic regeneration]

   It increases your rate of magic regeneration.
   Slay:      It affects your accuracy & damage with ranged weapons and melee
   (-2).
   rElec:     It insulates you from electricity.
   rCorr:     It protects you from acid and corrosion.
   Stlth:     It makes you more stealthy.
 x - a ring of resist corrosion
 E - a ring of ice
Wands
 k - a wand of iceblast (19)
 w - a wand of paralysis (7)
 y - a wand of polymorph (10)
Scrolls
 i - 2 scrolls of teleportation
 s - 4 scrolls of fog
 t - 4 scrolls of enchant weapon
 H - a scroll of amnesia
Potions
 b - 2 potions of magic
 h - 2 potions of flight
 l - 3 potions of might
 m - a potion of mutation
 n - 3 potions of brilliance
 u - a potion of ambrosia
 z - a potion of lignification
 A - a potion of berserk rage


   Skills:
 - Level 2.1 Fighting
 - Level 1.7 Long Blades
 - Level 4.3 Dodging
 - Level 5.1 Stealth
 - Level 3.1 Shields
 + Level 13.2 Spellcasting
 + Level 11.7 Conjurations
 - Level 1.6 Translocations
 - Level 4.3 Fire Magic
 + Level 6.6 Invocations
 - Level 3.0 Evocations


You had 20 spell levels left.
You knew the following spells:

 Your Spells              Type           Power      Damage    Failure   Level
a - Magic Dart            Conj           100%       1d8       1%          1
b - Searing Ray           Conj           100%       2d8       1%          2
c - Apportation           Tloc           66%        N/A       1%          1
d - Sticky Flame          Conj/Fire      85%        2d10      1%          4
e - Iskenderun's Mystic   Conj/Tloc      60%        2d13      1%          4
f - Flame Wave            Conj/Fire      85%        2d15      1%          4

Your spell library contained the following spells:

 Spells                   Type           Power      Damage    Failure   Level
 Foxfire                  Conj/Fire      100%       2x1d9     1%          1
 Static Discharge         Conj/Air       57%        N/A       1%          2
 Conjure Flame            Conj/Fire      85%        6-21      1%          3
 Dazzling Flash           Conj/Hex       100%       N/A       1%          3
 Animate Skeleton         Necr           42%        N/A       2%          1
 Summon Small Mammal      Summ           84%        N/A       2%          1
 Fulminant Prism          Conj/Hex       28%        3d14      2%          4
 Inner Flame              Hex/Fire       53%        N/A       3%          3
 Portal Projectile        Hex/Tloc       54%        N/A       6%          3
 Call Canine Familiar     Summ           21%        N/A       9%          3
 Dispel Undead            Necr           21%        3d11      26%         4
 Leda's Liquefaction      Hex/Erth       10%        N/A       26%         4


Dungeon Overview and Level Annotations

Branches:
Dungeon (11/15)            Temple (1/1) D:7            Lair (0/6) D:11
    Orc (0/2) D:10          Sewer (visited)         Gauntlet (1/1)

Altars:
Ashenzari
Cheibriados
Dithmenos
Elyvilon
Fedhas
Gozag
Hepliaklqana
Kikubaaqudgha
Makhleb
Nemelex Xobeh
Okawaru
Qazlal
Ru
Sif Muna
Trog
Uskayaw
Vehumet
Wu Jian
Xom
Yredelemnul
Zin
The Shining One

Shops:
D:10 *

Annotations:
D:8 3 runed translucent doors, BlueGoblin's ghost, novice DrTm Gauntlet 4 transporters, exclusion: ice statue


Innate Abilities, Weirdness & Mutations

Your magical capacity is low. (-10% MP)
Your system is resistant to poisons. (rPois)
Potions are less effective at restoring your health.


Message History

The rime drake hisses angrily.
There is a transporter here.
You enter the transporter and appear at another place.
Found a transporter.
Marking area around an ice statue as unsafe for travelling.
You fade into invisibility!
You open the door.
A minotaur comes into view.
It is wielding a staff of cold and quivering silver javelins.
Found a robe.
Found a gate leading back out of this place.
Casting: Iskenderun's Mystic Blast (dangerous; 1% risk of failure)
Confirm with . or Enter, or press ? or * to list all spells.
Casting: Flame Wave (dangerous; 1% risk of failure)
Press: ? - help, Dir - look around, f - activate You feel a surge of power!
A wave of flame ripples out! (Press . to intensify the flame waves.)
The minotaur bellows!
A wave of flame ripples out!
A wave of flame ripples out!
You finish channelling waves of flame.
There is an open door here.
Casting: Flame Wave (dangerous; 1% risk of failure)
Confirm with . or Enter, or press ? or * to list all spells.
Casting: Flame Wave (dangerous; 1% risk of failure)
Press: ? - help, Dir - look around, f - activate You feel a surge of power!
A wave of flame ripples out! (Press . to intensify the flame waves.)
The minotaur drinks a potion.
The minotaur seems to speed up.
A wave of flame ripples out!
The flame wave engulfs the minotaur!
The minotaur is lightly wounded.
The minotaur hits you with a staff of cold!
The minotaur freezes you! The minotaur gores you!
* * * LOW HITPOINT WARNING * * *
As you read the scroll of fear, it crumbles to dust.
You assume a fearsome visage.
The minotaur looks frightened!
You close the door.
Something unseen opens the door.
The minotaur bellows!
The flow of time bends around you.
The minotaur throws a silver javelin.
The silver javelin pierces through you!!
You die...

######
####....##.##...#..#©
##....##.##....8.#..#.
#..##@##....##...#..##
#.##..H.##.##.8.#..#.
#....##.##......#..#.
#..##.##....##...#..##
########.##.##.©.#≈.§.
#H...'.##......#∩...
######H...##.©.#≈...
#....##.##...#..##
#....##.##......#..##


You could see a minotaur (fast, can't see you).

Vanquished Creatures
  A blizzard demon (Gauntlet)
  A two-headed ogre (D:8)
  Erica (D:8)
  Pikel (D:5)
  A cyclops (D:11)
  An ugly thing (D:6)
  Joseph (D:9)
  An efreet (Gauntlet)
  A troll (D:9)
  A vampire (D:10)
  9 yaks
  3 wyverns
  2 fire elementals (Gauntlet)
  A vampire mosquito (D:8)
  Edmund (D:5)
  2 water moccasins
  2 hell hounds (Gauntlet)
  6 ice beasts
  An orc warrior (D:10)
  A sky beast (D:6)
  Pargi (Sewer)
  A black bear (D:4)
  2 centaurs
  3 lemures (D:5)
  2 kobold brigands
  2 bullfrogs
  A necrophage (D:5)
  3 scorpions (D:5)
  15 wights
  5 killer bees (D:8)
  3 electric eels
  3 howler monkeys
  An orc priest (D:7)
  A gnoll shaman (D:4)
  3 jellies
  2 hounds (D:4)
  6 iguanas
  3 orc wizards
  4 gnolls (D:4)
  8 adders
  3 white imps
  A worm (D:2)
  24 orcs
  4 ball pythons
  6 endoplasms
  5 giant cockroaches
  8 goblins
  8 hobgoblins
  5 jackals
  5 quokkas
  6 bats
  7 frilled lizards
  7 kobolds
  4 rats
200 creatures vanquished.

Vanquished Creatures (others)
  2 fungi (Gauntlet)
  14 plants
16 creatures vanquished.

Grand Total: 216 creatures vanquished

Notes
Turn   | Place    | Note
-------+----------+-------------------------------------------
     0 | D:1      | Ijustatesigmund the Deep Elf Conjurer began the quest for
                  | the Orb.
     0 | D:1      | Reached XP level 1. HP: 10/10 MP: 6/6
   573 | D:1      | Reached XP level 2. HP: 15/15 MP: 8/8
   576 | D:1      | Learned a level 2 spell: Searing Ray
  1371 | D:2      | Reached skill level 4 in Spellcasting
  1388 | D:2      | Found a faded altar of an unknown god.
  1533 | D:2      | Reached skill level 5 in Conjurations
  1533 | D:2      | Reached XP level 3. HP: 19/19 MP: 10/10
  1873 | D:3      | Found a hide-covered altar of Uskayaw.
  1991 | D:3      | Reached XP level 4. HP: 24/24 MP: 12/12
  2150 | D:3      | Reached skill level 5 in Spellcasting
  2778 | D:4      | You fall into a shaft and drop 3 floors!
  2799 | D:7      | Noticed a kobold brigand
  2802 | D:7      | Gained mutation: Your magical capacity is low. (-10% MP)
                  | [potion of mutation]
  2802 | D:7      | Gained mutation: Your system is resistant to poisons.
                  | (rPois) [potion of mutation]
  2802 | D:7      | Gained mutation: Potions are less effective at restoring
                  | your health. [potion of mutation]
  2977 | D:7      | Killed a kobold brigand
  2978 | D:7      | Reached skill level 1 in Shields
  2978 | D:7      | Reached XP level 5. HP: 17/28 MP: 13/13
  3402 | D:7      | Reached XP level 6. HP: 32/32 MP: 15/15
  3404 | D:7      | Reached skill level 6 in Spellcasting
  3578 | D:7      | Noticed an ice beast
  3586 | D:7      | Killed an ice beast
  3681 | D:7      | Found a staircase to the Ecumenical Temple.
  3694 | Temple   | Entered the Ecumenical Temple
  3945 | D:6      | Reached XP level 7. HP: 36/36 MP: 17/17
  3976 | D:6      | Reached skill level 7 in Spellcasting
  4182 | D:6      | Found a glowing drain.
  4192 | Sewer    | Entered a sewer
  4253 | Sewer    | Noticed Pargi
  4258 | Sewer    | Killed Pargi
  4597 | D:6      | Reached XP level 8. HP: 35/41 MP: 19/19
  4728 | D:6      | Reached skill level 8 in Spellcasting
  4751 | D:5      | Entered Level 5 of the Dungeon
  4751 | D:5      | Noticed Edmund
  4762 | D:5      | Killed Edmund
  4932 | D:4      | Learned a level 1 spell: Apportation
  4969 | D:4      | Reached skill level 1 in Translocations
  5746 | D:5      | Reached skill level 9 in Spellcasting
  6147 | D:5      | Reached skill level 10 in Spellcasting
  6151 | D:5      | Reached XP level 9. HP: 45/45 MP: 20/22
  6349 | D:5      | Noticed Pikel
  6359 | D:5      | Paralysed by Pikel for 2 turns
  6361 | D:5      | Killed Pikel
  6711 | D:6      | Noticed a green ugly thing
  6734 | D:6      | Killed a green ugly thing
  6735 | D:6      | Reached skill level 11 in Spellcasting
  6735 | D:6      | Reached skill level 10 in Conjurations
  6945 | D:5      | Learned a level 4 spell: Sticky Flame
  6953 | D:6      | Reached skill level 1 in Fire Magic
  8673 | Temple   | Became a worshipper of Cheibriados the Contemplative
  8744 | D:8      | Reached skill level 1 in Evocations
  8796 | D:8      | Found a runed translucent gate.
  8798 | D:8      | Found a runed translucent gate.
  8798 | D:8      | Found a runed translucent gate.
  8798 | D:8      | Noticed BlueGoblin's ghost (novice DrTm)
  8840 | D:8      | Identified the +2 pair of boots of Slovenliness {-Tele Fly
                  | rF- Int+9}
  8844 | D:8      | Reached skill level 1 in Invocations
  8954 | D:8      | Noticed a two-headed ogre
  9213 | D:8      | Reached skill level 1 in Fighting
  9479 | D:8      | Noticed a two-headed ogre
  9490 | D:8      | Killed a two-headed ogre
  9491 | D:8      | Reached XP level 10. HP: 53/53 MP: 24/24
  9608 | D:8      | Reached * piety under Cheibriados
  9873 | D:8      | Noticed Erica
  9886 | D:8      | Killed Erica
 10156 | D:9      | Learned a level 4 spell: Iskenderun's Mystic Blast
 10270 | D:9      | Learned a level 4 spell: Flame Wave
 10491 | D:9      | Reached skill level 1 in Long Blades
 10491 | D:9      | Reached skill level 12 in Spellcasting
 10594 | D:9      | Identified the +0 cloak "Igod" {rPois rC- Regen+ Dex+3}
 10697 | D:9      | Found an iron altar of Okawaru.
 10763 | D:9      | Found a broken altar of Ashenzari.
 10845 | D:9      | Found a bloodstained altar of Trog.
 10858 | D:9      | Reached ** piety under Cheibriados
 10859 | D:9      | Reached skill level 5 in Stealth
 11136 | D:9      | Noticed Joseph
 11148 | D:9      | Killed Joseph
 11149 | D:9      | Reached skill level 5 in Invocations
 11338 | D:10     | Entered Level 10 of the Dungeon
 11339 | D:10     | Found Hequy's Assorted Antiques.
 11357 | D:10     | Bought a glowing scarf for 176 gold pieces
 12077 | D:10     | Reached XP level 11. HP: 48/57 MP: 26/26
 12229 | D:10     | Found a staircase to the Orcish Mines.
 12921 | D:11     | Found a gate leading to a gauntlet.
 12926 | Gauntlet | Entered a Gauntlet
 12926 | Gauntlet | Noticed a fire crab
 12926 | Gauntlet | Found a transporter.
 12926 | Gauntlet | Found a transporter.
 12926 | Gauntlet | Found a transporter.
 12927 | Gauntlet | a fire crab changed into a cane toad
 12927 | Gauntlet | Noticed a blizzard demon
 12937 | Gauntlet | Found a transporter.
 12940 | Gauntlet | Found a transporter.
 12951 | Gauntlet | Found a transporter.
 12955 | Gauntlet | Noticed a steelbarb worm
 12955 | Gauntlet | a manticore changed into a steelbarb worm
 13025 | Gauntlet | Killed a blizzard demon
 13026 | Gauntlet | Reached skill level 13 in Spellcasting
 13296 | Gauntlet | Identified the ring of Urchig {rPois rF- EV+4 Dex+3}
 13342 | Gauntlet | Found a transporter.
 13559 | Gauntlet | Identified the amulet of Bengeol {RegenMP rElec rCorr
                  | Slay-2 Stlth+}
 13607 | Gauntlet | Found a transporter.
 13642 | Gauntlet | Noticed a minotaur
 13658 | Gauntlet | Hit by a silver javelin thrown by a minotaur

Illustrated notes

Levels and vault maps discovered:
D:1:      dpeg_arrival_another_circle, layout_basic, hex_large
D:2:      layout_loops_cross, shapermc_ecumenical_altar_pompeii
D:3:      layout_loops_ring, nicolae_overflow_crystal_walls,
          kennysheep_generic_room_4
D:4:      minmay_chambers_of_fours, layout_basic, kennysheep_flooded_box,
          solitary_fountain
D:5:      layout_rooms, hangedman_abyss_or_decor_slice,
          small_statue_intersection, uniq_edmund, uniq_pikel
D:6:      layout_layer_cave, portal_sewer_entry_f, minmay_microvault
D:7:      layout_loops_ring, minmay_temple_entry_trees, serial_co_window_serial,
          co_window_paths_a, co_window_corner_a, co_window_corner_a,
          co_window_corner_a, co_window_corner_a, co_window_corner_cb,
          co_window_corner_cb, co_window_unsneaky_path_c, co_window_broadway_c,
          co_window_of_opportunity_b, co_window_paths_c, co_window_broadway_c,
          co_window_4corner_b, glass_columns_b, glass_columns_b,
          glass_columns_a, glass_columns_a
D:8:      layout_basic, gammafunk_ghost_split, minmay_radiant, uniq_erica
D:9:      layout_irregular_city, nicolae_overflow_squiral,
          kennysheep_little_box, hangedman_decor_riveting, supply_closet_lemuel,
          uniq_joseph
D:10:     layout_stronghold, orc_0_dummy, serial_shops,
          nicolae_shop_overgrown_old_shop, kennysheep_small_spiral
D:11:     layout_roguey, lair_entry_dummy, gauntlet_entry_generic,
          trog_hazing_becter
Temple:   eino_narrow_crystal_temple
Gauntlet: gammafunk_gauntlet_shortcut [gammafunk_gauntlet_arena_crates,
          gammafunk_gauntlet_arena_spirals, gammafunk_gauntlet_arena_corners,
          gammafunk_gauntlet_arena_split_x, nicolae_gauntlet_arena_flowing_pool,
          gammafunk_gauntlet_arena_arrow_garden, gauntlet_exit_green]

Skill      XL: |  1  2  3  4  5  6  7  8  9 10 11 |
---------------+----------------------------------+-----
Spellcasting   | 4 5 6 7 10 11 12 13 | 13.2
Conjurations   | 5 6 7 9 10 11 | 11.7
Shields        | 1 2 3 |  3.1
Dodging        | 3 4 |  4.3
Translocations | 1 |  1.6
Fire Magic     | 4 |  4.3
Evocations     | 3 |  3.0
Invocations    | 2 5 6 |  6.6
Fighting       | 2 |  2.1
Stealth        | 5 |  5.1
Long Blades    | 1 |  1.7

Action                   |  1- 3 |  4- 6 |  7- 9 | 10-12 || total
-------------------------+-------+-------+-------+-------++-------
Melee: Scimitar          |       |     1 |     9 |     4 ||    14
 Cast: Magic Dart        |    71 |    24 |   136 |    45 ||   276
       Searing Ray       |       |    10 |    46 |    29 ||    85
       Sticky Flame      |       |       |    11 |    18 ||    29
       Flame Wave        |       |       |       |     9 ||     9
       Iskenderun's Myst |       |       |       |     6 ||     6
Invok: Bend Time         |       |       |       |     2 ||     2
Evoke: Wand              |       |       |     5 |     6 ||    11
  Use: Scroll            |     6 |     6 |    12 |     4 ||    28
       Potion            |       |     5 |     2 |    11 ||    18
 Stab: Sleeping          |       |     1 |     3 |     1 ||     5
       Paralysed         |       |       |     6 |       ||     6
Armor: Skin              |       |     2 |       |     4 ||     6
       Robe              |       |       |    11 |    10 ||    21
Dodge: Dodged            |     2 |     2 |    24 |    46 ||    74
Block: Other             |     1 |       |       |       ||     1
       Buckler           |       |     5 |    47 |    44 ||    96
       Reflection        |       |     1 |     4 |     6 ||    11

Table legend: (Time is in decaauts)
 A = Elapsed time spent in this place.
 B = Non-inter-level travel time spent in this place.
 C = Inter-level travel time spent in this place.
 D = Time resting spent in this place.
 E = Time spent auto-exploring this place.
 F = Levels seen in this place.
 G = Mean time per level.
                   A        B        C        D        E       F      G
               +--------+--------+--------+--------+--------+-----+--------+
         Total |  14652 |  14149 |    503 |   3361 |   8576 |  14 | 1046.6 |
       Dungeon |  13379 |  12897 |    482 |   2884 |   8260 |  11 | 1216.3 |
        Temple |    205 |    184 |     21 |      0 |    165 |   1 |  205.0 |
         Sewer |    236 |    236 |      0 |     28 |    151 |   1 |  236.0 |
      Gauntlet |    831 |    831 |      0 |    449 |      0 |   1 |  831.0 |
               +--------+--------+--------+--------+--------+-----+--------+

Top non-repeatable levels by time:
     D:7: 2001 daAuts
    D:10: 1909 daAuts
     D:8: 1505 daAuts
     D:6: 1497 daAuts
     D:9: 1436 daAuts
     D:5: 1203 daAuts
     D:4: 1084 daAuts
     D:1: 1021 daAuts
     D:3: 901 daAuts
Gauntlet: 831 daAuts
     D:2: 733 daAuts
   Sewer: 236 daAuts
  Temple: 205 daAuts
    D:11: 85 daAuts
